 Dungeon Crawl Stone Soup version 0.24-a0-537-g2d01d4ab0a (webtiles) character file.

Game seed: 9554185571846922521

1257 Jerry the Cudgeler (level 8, 0/79 HPs)
             Began as a Troll Fighter on Aug 13, 2019.
             Was a Believer of Okawaru.
             Slain by a centaur
             ... wielding a +0 dagger
              (10 damage)
             ... on level 5 of the Dungeon.
             The game lasted 00:30:14 (4819 turns).

Jerry the Cudgeler (Troll Fighter)                  Turns: 4819, Time: 00:30:14

Health: 0/79       AC:  7    Str: 25    XL:     8   Next: 26%
Magic:  9/9        EV: 10    Int:  6    God:    Okawaru [**....]
Gold:   209        SH:  0    Dex:  9    Spells: 7/7 levels left

rFire    . . .     SeeInvis .   a - +4 flail
rCold    . . .     Gourm    +   (no shield)
rNeg     + . .     Faith    .   y - +1 robe of the Wary Realms {MR+}
rPois    .         Spirit   .   (helmet restricted)
rElec    .         Reflect  .   (no cloak)
rCorr    .         Harm     .   (gloves unavailable)
MR       +....                  (boots unavailable)
Stlth    +.........             g - amulet of rage
HPRegen  0.63/turn              n - ring of positive energy
MPRegen  0.11/turn              (no ring)

@: no status effects
A: large, unfitting armour, claws 3, fast metabolism 3, gourmand, regeneration
1, shaggy fur 1, tough skin 3
a: Heroism, Renounce Religion, Evoke Berserk Rage


You were on level 5 of the Dungeon.
You worshipped Okawaru.
Okawaru was pleased with you.
You were completely stuffed.

You visited 1 branch of the dungeon, and saw 5 of its levels.
You also visited: Ossuary.

You collected 209 gold pieces.

Inventory:

Hand Weapons
 a - a +4 flail (weapon)
Missiles
 i - 4 atropa-tipped darts (quivered)
Armour
 c - a +0 shield
 y - the +1 robe of the Wary Realms (worn) {MR+}
   (You found it on level 4 of the Dungeon)

   It affects your resistance to hostile enchantments.
Jewellery
 g - an amulet of rage (around neck)
 n - a ring of positive energy (left claw)
Scrolls
 b - 2 scrolls of identify
 e - 5 scrolls of blinking
 k - 2 scrolls of remove curse
 p - a scroll of fear
 q - a scroll of amnesia
Potions
 d - 2 potions of brilliance
 h - 3 potions of curing {unknown}
 j - a potion of berserk rage {unknown}
 l - 3 potions of agility {unknown}
 m - 2 potions of magic {unknown}
 o - a potion of might
 s - a potion of heal wounds {unknown}
 t - 2 potions of haste {unknown}
 u - 2 potions of ambrosia {unknown}
Comestibles
 f - 8 rations
 w - 6 chunks of flesh


   Skills:
 + Level 4.4 Fighting
 + Level 4.5 Maces & Flails
 + Level 3.2 Armour
 - Level 2.7 Dodging
 + Level 4.2 Shields
 + Level 3.6 Invocations


You had 7 spell levels left.
You didn't know any spells.
Your spell library was empty.

Dungeon Overview and Level Annotations

Branches:
Dungeon (5/15)
 Temple: D:4-7

Altars:
Fedhas
Gozag
Okawaru
Qazlal
Wu Jian

Shops:
D:5 **

Annotations:
D:3 Sigmund
D:5 1 runed translucent door, PeterQ's ghost, novice GnAs


Innate Abilities, Weirdness & Mutations

You are too large for most types of armour.
You have claws for hands.
Your metabolism is lightning-fast.
You like to eat raw meat.
Your natural rate of healing is unusually fast.
You are covered in fur. (AC +1)
You have extremely tough skin. (AC +3)


Message History

The orc is almost dead.
The centaur hits you with a +0 dagger.
* * * LOW HITPOINT WARNING * * *
The orc closely misses you.
You hit the orc.
You kill the orc!
Okawaru accepts your kill. The centaur hits you with a +0 dagger.
* * * LOW HITPOINT WARNING * * *
The centaur barely misses you.
You closely miss the centaur. The centaur hits you with a +0 dagger.
* * * LOW HITPOINT WARNING * * *
The centaur hits you with a +0 dagger.
* * * LOW HITPOINT WARNING * * *
You barely miss the centaur. The centaur barely misses you.
The centaur hits you but does no damage.
You thump the centaur!
The centaur is heavily wounded.
The centaur hits you with a +0 dagger!
You die...

≈≈≈≈#........#
W≈l≈+.......## #......##
#############.......#
#..........##........
...##...........#.........
................#........#
................#)........
....##...#.##...@)......##
.........####..))c......#
...## #..)##............#
....###.......##.#..##..#
#.####.......##..##.# ..#
#...##........#..# ..# ..
##........##....## ..#
##<)......#.#..... ...
#.................a #.


You could see a centaur.

Vanquished Creatures
  Eustachio (D:5)
  A hungry ghost (D:4)
  Menkaure (Ossuary)
  An ogre (D:4)
  2 crimson imps
  A centaur zombie (Ossuary)
  3 orc priests
  6 orc wizards
  2 worker ants
  4 ogre zombies (Ossuary)
  6 mummies (Ossuary)
  A worker ant zombie (D:5)
  7 adders
  An ooze (D:2)
  3 adder zombies (Ossuary)
  A dart slug (D:2)
  A worm (D:2)
  5 leopard geckos
  33 orcs
  2 giant cockroaches
  A gnoll zombie (Ossuary)
  7 goblins
  6 hobgoblins
  11 jackals
  6 kobolds (D:2)
  A quokka (D:4)
  7 bats
  5 frilled lizards
  5 goblin zombies (Ossuary)
  A jackal skeleton (D:5)
  4 kobold zombies (Ossuary)
  6 quokka zombies
  6 rats
  7 rat zombies (Ossuary)
155 creatures vanquished.

Notes
Turn   | Place    | Note
-------+----------+-------------------------------------------
     0 | D:1      | Jerry the Troll Fighter began the quest for the Orb.
     0 | D:1      | Reached XP level 1. HP: 22/22 MP: 0/0
   197 | D:1      | Reached XP level 2. HP: 27/29 MP: 1/1
   401 | D:1      | Found an iron altar of Okawaru.
   443 | D:1      | Became a worshipper of Warmaster Okawaru
   579 | D:1      | Reached XP level 3. HP: 36/36 MP: 2/2
  1011 | D:2      | Noticed a scorpion
  1034 | D:2      | HP: 1/36 [poisoned by a scorpion]
  1827 | D:3      | Reached XP level 4. HP: 35/44 MP: 3/3
  1990 | D:3      | Reached skill level 1 in Armour
  1990 | D:3      | Reached skill level 1 in Invocations
  2116 | D:3      | Noticed Sigmund
  2324 | D:3      | Found a stormy altar of Qazlal.
  2334 | D:3      | Found an ornate altar of the Wu Jian Council.
  2334 | D:3      | Found an iron altar of Okawaru.
  2349 | D:3      | Found a blossoming altar of Fedhas.
  2353 | D:3      | Found an opulent altar of Gozag.
  2498 | D:4      | Reached XP level 5. HP: 53/53 MP: 4/4
  2745 | D:4      | Found a sand-covered staircase.
  2754 | Ossuary  | Entered an ossuary
  3054 | Ossuary  | Reached XP level 6. HP: 61/61 MP: 6/6
  3271 | Ossuary  | Reached * piety under Okawaru
  3370 | Ossuary  | Noticed Menkaure
  3615 | Ossuary  | Killed Menkaure
  3615 | Ossuary  | Reached XP level 7. HP: 34/68 MP: 7/7
  4042 | D:4      | Noticed a hungry ghost
  4065 | D:4      | Killed a hungry ghost
  4285 | D:4      | Got a creamy pearl robe
  4382 | D:4      | Reached ** piety under Okawaru
  4529 | D:4      | Identified the +1 robe of the Wary Realms {MR+} (You found
                  | it on level 4 of the Dungeon)
  4555 | D:5      | Entered Level 5 of the Dungeon
  4555 | D:5      | Found Kaoloc's General Store.
  4576 | D:5      | Noticed Eustachio
  4683 | D:5      | Killed Eustachio
  4683 | D:5      | Reached XP level 8. HP: 70/79 MP: 9/9
  4729 | D:5      | Found a stormy altar of Qazlal.
  4787 | D:5      | Found Luozuit's General Store.
  4789 | D:5      | Found a runed translucent door.
  4789 | D:5      | Noticed PeterQ's ghost (novice GnAs)
  4819 | D:5      | Slain by a centaur

Levels and vault maps discovered:
D:1:      dpeg_arrival_stonehenge_8_columns, layout_basic,
          okawaru_ov_weapons_minmay
D:2:      kennysheep_big_flooded_room, layout_loops_ring,
          hangedman_decor_diamond_cutter, minivault_14
D:3:      layout_basic, minmay_overflow_temple_star_hex, uniq_sigmund
D:4:      layout_basic, nicolae_ossuary_entry_monument, first_ration,
          saegor_snake_ambush
D:5:      layout_cave_pools, minmay_temple_entry_trees, serial_shops,
          nicolae_shop_statue_plus, shop, nicolae_shop_trees,
          ebering_ghost_sewer_f, grunt_ministairs_4,
          nicolae_qazlal_style_of_elements, uniq_eustachio, uniq_pikel

Skill      XL: |  1  2  3  4  5  6  7 |
---------------+----------------------+-----
Maces & Flails | 2 3 4 |  4.5
Fighting       | 3 4 |  4.4
Armour         | 1 2 3 |  3.2
Invocations    | 1 2 3 |  3.6
Shields        | 3 4 |  4.2
Dodging        | |  2.7

Action                   |  1- 3 |  4- 6 |  7- 9 || total
-------------------------+-------+-------+-------++-------
Melee: Flail             |   172 |   238 |   170 ||   580
  Use: Potion            |     1 |     1 |     2 ||     4
       Scroll            |       |    14 |     4 ||    18
 Stab: Sleeping          |     1 |       |       ||     1
  Eat: Chunk             |    20 |    13 |    23 ||    56
Armor: Robe              |   110 |    59 |    61 ||   230
       Skin              |       |    87 |       ||    87
Dodge: Dodged            |   139 |   114 |   118 ||   371

Table legend:
 A = Non-vault XP
 B = Vault XP
 C = Vault XP percentage of total XP
 D = Non-vault monster count
 E = Vault monster count
 F = Vault count percentage of total count
                 A         B        C        D         E       F
            +---------+---------+-------+---------+---------+-------
      Total |    1075 |     721 |  40.1 |     112 |      43 |  27.7
            +---------+---------+-------+---------+---------+-------
        D:1 |      43 |       0 |   0.0 |      25 |       0 |   0.0
        D:2 |      48 |       3 |   5.9 |      18 |       2 |  10.0
        D:3 |     202 |       0 |   0.0 |      19 |       0 |   0.0
        D:4 |     556 |      39 |   6.6 |      33 |       3 |   8.3
        D:5 |     226 |     211 |  48.3 |      17 |       1 |   5.6
    Ossuary |       0 |     468 | 100.0 |       0 |      37 | 100.0
            +---------+---------+-------+---------+---------+-------
